[Event "Titled Tuesday Blitz August 22 Late 2023"]
[White "Ochkoos, Jura"]
[Black "Mikhaylova, Irina"]
[WhiteFideId "2601214"]
[BlackFideId "4109040"]
[WhiteElo "2382"]
[BlackElo "2282"]
[Result "0-1"]
[Round "10"]
[TimeControl "180+1"]
[Date "2023.08.22"]
[WhiteClock "0:01:19"]
[BlackClock "0:00:40"]
[Board "105"]

1. e4 c5 2. Nf3 Nc6 3. d4 cxd4 4. Nxd4 e5 5. Nb5 d6 6. c4 Be7 7. N5c3 Be6 8. Bd3 Bg5 9. O-O Bxc1 10. Qxc1 Nf6 11. Na3 O-O 12. Nc2 a6 13. Qe3 Qa5 14. Nd5 Qd8 15. b4 Nd7 16. Rac1 Rc8 17. Rfd1 Ne7 18. a3 Ng6 19. g3 h6 20. Qe2 Bxd5 21. cxd5 Qg5 22. Kh1 Rc7 23. Ne3 Qd8 24. Rc2 Qb8 25. Rdc1 Rfc8 26. Nf5 Rxc2 27. Rxc2 Rxc2 28. Qxc2 Kf8 29. Bf1 Ne7 30. Ne3 Qc8 31. Qd2 Nb6 32. Bh3 Qxh3 33. a4 Nxa4 0-1


[Site "https://www.chess.com"]

[Event "Titled Tuesday Blitz August 22 Late 2023"]
[White "Haitin, Ilja"]
[Black "Alfaro, William"]
[WhiteFideId "4501764"]
[BlackFideId "6100457"]
[WhiteElo "2361"]
[BlackElo "2277"]
[Result "1-0"]
[Round "10"]
[TimeControl "180+1"]
[Date "2023.08.22"]
[WhiteClock "0:01:29"]
[BlackClock "0:00:04"]
[Board "106"]

1. Nf3 g6 2. h4 h5 3. g3 Bg7 4. Bg2 e5 5. d3 d5 6. O-O Ne7 7. c4 c6 8. Nc3 O-O 9. Bg5 Be6 10. b3 e4 11. dxe4 Bxc3 12. Rc1 Bb2 13. Rb1 Bg7 14. exd5 cxd5 15. cxd5 Bf5 16. Rc1 Qd6 17. Nd4 Bg4 18. Nb5 Qe5 19. Nc7 Bxe2 20. Qd2 Bxf1 21. Kxf1 f6 22. Bf4 Qf5 23. Nxa8 Na6 24. d6 Qb5+ 25. Kg1 Nc6 26. Nc7 Nxc7 27. dxc7 Rc8 28. Qd7 1-0


[Site "https://www.chess.com"]

[Event "Titled Tuesday Blitz August 22 Late 2023"]
[White "KorolDimitriy75"]
[Black "Arias Igual, Alejandro"]
[BlackFideId "2254905"]
[WhiteElo "2341"]
[BlackElo "2270"]
[Result "0-1"]
[Round "10"]
[TimeControl "180+1"]
[Date "2023.08.22"]
[WhiteClock "0:00:14"]
[BlackClock "0:01:34"]
[Board "107"]

1. d4 d5 2. c4 e6 3. Nc3 c5 4. cxd5 exd5 5. Nf3 Nc6 6. g3 Nf6 7. Bg2 Be7 8. O-O O-O 9. dxc5 Bxc5 10. Na4 Be7 11. Be3 Re8 12. Rc1 Bg4 13. h3 Bxf3 14. Bxf3 Qd7 15. Bg2 Rad8 16. Nc5 Bxc5 17. Bxc5 a6 18. Bb6 Rc8 19. e3 Ne5 20. Rxc8 Rxc8 21. Bd4 Qe6 22. b3 Rd8 23. Qc2 h5 24. h4 Neg4 25. Qb2 Ne4 26. f3 Nxg3 27. fxg4 Nxf1 28. Kxf1 Qxg4 29. Qf2 Rc8 30. Qf3 Rc1+ 31. Ke2 Rc2+ 32. Kf1 Qxh4 33. Qxd5 Qf2# 0-1


[Site "https://www.chess.com"]

[Event "Titled Tuesday Blitz August 22 Late 2023"]
[White "Akhayan, Ruben"]
[Black "rionelG"]
[WhiteFideId "204439"]
[WhiteElo "2265"]
[BlackElo "2338"]
[Result "0-1"]
[Round "10"]
[TimeControl "180+1"]
[Date "2023.08.22"]
[WhiteClock "0:00:00"]
[BlackClock "0:00:14"]
[Board "108"]

1. e4 c5 2. Nf3 d6 3. d4 cxd4 4. Nxd4 Nf6 5. Nc3 a6 6. Bc4 e6 7. Bb3 Nbd7 8. O-O Nc5 9. f4 Be7 10. e5 dxe5 11. fxe5 Nfd7 12. Be3 O-O 13. Qh5 Nxb3 14. axb3 Qc7 15. Nf3 Bc5 16. Bxc5 Qxc5+ 17. Kh1 Qe7 18. Ne4 b5 19. Rad1 Bb7 20. Rxd7 Qxd7 21. Nf6+ gxf6 22. exf6 Kh8 23. Ng5 Be4 24. Nxe4 Qc6 25. Ng5 Qxc2 26. Nxf7+ Kg8 27. Nh6+ Kh8 28. f7 Qg6 29. Qe5+ Qg7 30. Qxe6 Ra7 31. Nf5 Qxf7 32. Qe5+ Qf6 33. Qe2 Raf7 34. g4 Qg5 35. Qf3 h5 36. Qc3+ Kh7 37. h3 hxg4 38. hxg4 Qxg4 39. Rf2 Rxf5 40. Rh2+ Rh5 0-1


[Site "https://www.chess.com"]

[Event "Titled Tuesday Blitz August 22 Late 2023"]
[White "Cooper, Aaron"]
[Black "Fernandez, Maria Florencia"]
[WhiteFideId "2634945"]
[BlackFideId "116459"]
[WhiteElo "2259"]
[BlackElo "2336"]
[Result "0-1"]
[Round "10"]
[TimeControl "180+1"]
[Date "2023.08.22"]
[WhiteClock "0:00:47"]
[BlackClock "0:00:26"]
[Board "109"]

1. e4 c5 2. Nf3 d6 3. d4 cxd4 4. Nxd4 Nf6 5. Nc3 g6 6. Be2 Bg7 7. Be3 O-O 8. O-O Nc6 9. h3 Bd7 10. Qd2 a6 11. f4 b5 12. a3 Rc8 13. Nb3 Qc7 14. Rad1 Be6 15. Nd4 Nxd4 16. Bxd4 Bc4 17. e5 dxe5 18. Bxe5 Qb6+ 19. Kh2 Rfd8 20. Qe1 Rxd1 21. Qxd1 Rd8 22. Qe1 Bxe2 23. Qxe2 Nh5 24. Bxg7 Nxg7 25. Qxe7 Nf5 26. Qg5 h6 27. Qg4 Ne3 28. Qf3 Nxf1+ 29. Qxf1 Rd2 30. Ne4 Rxc2 31. Qd3 Rc1 32. b4 Qg1+ 33. Kg3 Qe1+ 34. Kh2 Qg1+ 35. Kg3 Qd1 36. Qe3 Qe1+ 37. Qxe1 Rxe1 38. Nc5 Ra1 39. Nxa6 Rxa3+ 40. Kg4 Rxa6 0-1


[Site "https://www.chess.com"]

[Event "Titled Tuesday Blitz August 22 Late 2023"]
[White "Fernandez Bustamante, Leancy B."]
[Black "Okike, David"]
[WhiteFideId "3523870"]
[BlackFideId "8500134"]
[WhiteElo "2258"]
[BlackElo "2327"]
[Result "0-1"]
[Round "10"]
[TimeControl "180+1"]
[Date "2023.08.22"]
[WhiteClock "0:00:00"]
[BlackClock "0:00:17"]
[Board "110"]

1. e4 c5 2. Nf3 Nc6 3. Bb5 g6 4. Bxc6 bxc6 5. O-O Bg7 6. Re1 Nh6 7. h3 O-O 8. c3 d6 9. d4 cxd4 10. cxd4 Qb6 11. Nc3 f5 12. e5 Nf7 13. e6 Nd8 14. d5 Bb7 15. dxc6 Bxc6 16. Qb3 Bxf3 17. gxf3 Rf6 18. Nd5 Qxb3 19. Nxf6+ Bxf6 20. axb3 Nc6 21. Ra4 a5 22. Kg2 Rb8 23. Rc4 Ne5 24. Ra4 Nc6 25. Bd2 Rxb3 26. Bxa5 Nxa5 27. Rxa5 Rxb2 28. Rc1 Kg7 29. Rc7 Re2 30. Rd5 Rxe6 31. f4 Kf7 32. Kf3 Re1 33. Rxd6 Rh1 34. Kg2 Re1 35. Rd8 Re4 36. Kf3 Ra4 37. Rcc8 Ra6 38. Rf8+ Ke6 39. Rb8 Ra3+ 40. Kg2 Ra4 41. Rb6+ Kd7 42. Kg3 Ra3+ 43. f3 Ra1 44. h4 Rh1 45. Rf7 h5 46. Rbxf6 Ke8 47. Rf8+ Kd7 48. Rxg6 Rg1+ 49. Kf2 Rxg6 50. Rxf5 Rh6 51. Rg5 Ke6 52. f5+ Ke5 53. Ke3 Rh8 54. f4+ Kf6 55. Ke4 Rh7 56. Rg6+ Kf7 57. Ke5 Rh8 58. Rg5 Rh6 59. Ke4 Rh8 60. Rg6 Rh7 61. Rb6 Rh8 62. Ke5 Rh7 63. f6 exf6+ 64. Rxf6+ Kg7 65. Rc6 Rh8 66. Rc7+ Kg6 67. Rc6+ Kg7 68. Rc7+ Kg6 69. f5+ Kh6 70. Rc6+ Kh7 71. f6 Kg6 72. Rc7 Re8+ 73. Re7 Rf8 74. Rg7+ Kh6 75. Kf5 Ra8 76. Rg6+ Kh7 77. Rg5 Kh6 78. f7 Ra5+ 79. Kf6 Ra6+ 80. Ke7 Ra7+ 81. Kf6 Ra6+ 82. Kf5 Ra5+ 83. Kf4 Ra4+ 84. Kg3 Ra3+ 85. Kf4 Ra4+ 86. Ke5 Ra5+ 87. Kd6 Ra6+ 88. Kc5 Rf6 89. Kd5 Rxf7 90. Ke5 Rf1 91. Rg1 Rxg1 0-1


[Site "https://www.chess.com"]

[Event "Titled Tuesday Blitz August 22 Late 2023"]
[White "Acikel, Mert"]
[Black "Navyblue1"]
[WhiteFideId "12956465"]
[WhiteElo "2308"]
[BlackElo "2052"]
[Result "1-0"]
[Round "10"]
[TimeControl "180+1"]
[Date "2023.08.22"]
[WhiteClock "0:02:44"]
[BlackClock "0:01:17"]
[Board "111"]

1. e4 c5 2. c3 Nf6 3. e5 Nd5 4. d4 cxd4 5. Nf3 Nc6 6. Bc4 Nb6 7. Bb3 dxc3 8. Nxc3 e6 9. O-O d5 10. exd6 Qxd6 11. Nb5 Qb8 12. g3 a6 13. Bf4 e5 14. Re1 axb5 15. Nxe5 Nxe5 16. Bxe5 Qxe5 17. Rxe5+ Be6 18. Bxe6 fxe6 19. Rxe6+ 1-0


[Site "https://www.chess.com"]

[Event "Titled Tuesday Blitz August 22 Late 2023"]
[White "Kohler, Aran"]
[Black "Shapiro, Daniel"]
[WhiteFideId "1002856"]
[BlackFideId "2001780"]
[WhiteElo "2256"]
[BlackElo "2279"]
[Result "1-0"]
[Round "10"]
[TimeControl "180+1"]
[Date "2023.08.22"]
[WhiteClock "0:00:44"]
[BlackClock "0:00:00"]
[Board "112"]

1. e4 c5 2. Nc3 a6 3. a4 b6 4. f4 Bb7 5. Nf3 e6 6. Bc4 Ne7 7. d3 d5 8. Ba2 Nbc6 9. O-O g6 10. f5 gxf5 11. Bg5 Qd7 12. Bf6 Rg8 13. exd5 exd5 14. Qe2 O-O-O 15. Rae1 Rg6 16. Bh4 Re6 17. Qf2 Re8 18. Ng5 Rxe1 19. Rxe1 d4 20. Nd5 Nxd5 21. Rxe8+ Qxe8 22. Bxd5 Qd7 23. Bxf7 Nd8 24. Bb3 Bh6 25. Kh1 Bd5 26. Bxd5 Qxd5 27. Nf3 Ne6 28. b3 b5 29. axb5 axb5 30. Bf6 Bf8 31. Qg3 Nc7 32. Be5 Na6 33. Qf4 Qe6 34. Ng5 Qd7 35. Qf3 Kd8 36. Qa8+ Qc8 37. Ne6+ Kd7 38. Nxf8+ 1-0


[Site "https://www.chess.com"]

[Event "Titled Tuesday Blitz August 22 Late 2023"]
[White "Magallanes, Rey Jomar"]
[Black "Merino Garcia, Rafael II"]
[WhiteFideId "5205948"]
[BlackFideId "2209128"]
[WhiteElo "2250"]
[BlackElo "2340"]
[Result "0-1"]
[Round "10"]
[TimeControl "180+1"]
[Date "2023.08.22"]
[WhiteClock "0:00:56"]
[BlackClock "0:00:16"]
[Board "113"]

1. e4 d6 2. d4 Nd7 3. Nc3 g6 4. Nf3 Bg7 5. Bd3 e6 6. O-O Ne7 7. Be3 h6 8. Qd2 a6 9. a3 b6 10. b4 Bb7 11. Ne2 Nf6 12. Ng3 Ng4 13. c4 Nxe3 14. fxe3 c5 15. Rab1 cxd4 16. exd4 O-O 17. d5 exd5 18. exd5 b5 19. Ne4 f5 20. Nc3 bxc4 21. Bxc4 Rc8 22. Qd3 Qc7 23. Nd2 f4 24. Nce4 g5 25. Bxa6 Qb6+ 26. Kh1 Bxa6 27. b5 Bb7 28. Nc4 Rxc4 29. Qxc4 Bxd5 30. Qe2 Nf5 31. a4 Ne3 32. Nd2 Bxg2+ 33. Kg1 Bb7 34. Rf2 Bd4 35. a5 Qxa5 36. Nb3 Qb6 37. Nxd4 Qxd4 38. b6 Qe4 39. Rf3 Qxf3 40. Qxf3 Bxf3 41. b7 Bxb7 42. Rxb7 f3 43. Kf2 Ng4+ 44. Kg3 f2 45. Kxg4 f1=Q 46. Kh5 Qh3+ 47. Kg6 Qe6+ 48. Kh5 g4 49. Rb5 d5 50. Rb4 Qf5+ 51. Kh4 Qg5+ 52. Kg3 Rf3+ 53. Kg2 Qd2+ 54. Kg1 Qxb4 55. Kg2 Qb2+ 56. Kg1 d4 57. h3 d3 58. hxg4 d2 59. g5 hxg5 60. Kg2 Ra3 61. Kf2 d1=Q# 0-1


[Site "https://www.chess.com"]

[Event "Titled Tuesday Blitz August 22 Late 2023"]
[White "laskakid"]
[Black "Saucey, Michel"]
[BlackFideId "601845"]
[WhiteElo "2135"]
[BlackElo "2262"]
[Result "0-1"]
[Round "10"]
[TimeControl "180+1"]
[Date "2023.08.22"]
[WhiteClock "0:00:13"]
[BlackClock "0:00:17"]
[Board "114"]

1. e4 c5 2. c3 d5 3. exd5 Qxd5 4. d4 Nf6 5. Nf3 e6 6. Na3 Be7 7. Nb5 Qd8 8. Bf4 Nd5 9. Bxb8 Rxb8 10. Nxa7 O-O 11. Nxc8 Qxc8 12. Be2 b5 13. O-O b4 14. cxb4 cxd4 15. b5 Nf4 16. Rc1 Qb7 17. Bc4 Rfd8 18. Qd2 e5 19. Rfe1 Bg5 20. h4 Nh3+ 21. gxh3 Bxd2 22. Nxd2 Re8 23. Ne4 Qb6 24. Ng5 Re7 25. a4 Rf8 26. b4 Qf6 27. a5 h6 28. Ne4 Qxh4 29. a6 Rb8 30. Ra1 Ra7 31. Rec1 Kf8 32. Bd5 f5 33. Nd6 Qg5+ 34. Kf1 Qd8 35. b6 Rxb6 36. Rc8 Rxd6 37. Rxd8+ Rxd8 38. Bb7 Rb8 39. b5 Raxb7 40. axb7 Rxb7 41. Rb1 Ke7 42. Ke2 Kd6 43. Kd3 Kc5 44. f4 e4+ 45. Kd2 Rxb5 46. Rc1+ Kd5 47. Rg1 Rb2+ 48. Kd1 e3 49. Rxg7 Ke4 50. Kc1 Rh2 51. Re7+ Kd3 52. Re6 Rh1+ 53. Kb2 e2 54. Kb3 e1=Q 55. Rxe1 Rxe1 56. Kb4 Re4 57. Kc5 Rxf4 58. Kd5 Rh4 59. Ke5 Rxh3 60. Kxf5 Re3 61. Kf4 Re8 62. Kf5 Kc4 63. Kg6 d3 64. Kxh6 d2 65. Kg6 d1=Q 66. Kf7 Qd7+ 67. Kf6 Re6+ 68. Kf5 Qd5+ 0-1


[Site "https://www.chess.com"]

[Event "Titled Tuesday Blitz August 22 Late 2023"]
[White "Vanek, Tomas"]
[Black "Bullen, Alex"]
[WhiteFideId "313459"]
[BlackFideId "1801627"]
[WhiteElo "2215"]
[BlackElo "2317"]
[Result "0-1"]
[Round "10"]
[TimeControl "180+1"]
[Date "2023.08.22"]
[WhiteClock "0:00:12"]
[BlackClock "0:00:08"]
[Board "115"]

1. d4 d5 2. Bf4 Nf6 3. e3 c5 4. c3 Nc6 5. Nd2 Qb6 6. Qb3 c4 7. Qc2 g6 8. e4 Nh5 9. Be3 e6 10. Be2 Ng7 11. Bf3 Ne7 12. h4 h5 13. Nh3 Bd7 14. Nf4 Bc6 15. b3 cxb3 16. axb3 Rc8 17. exd5 Nxd5 18. Bxd5 Bxd5 19. Nxd5 exd5 20. O-O Nf5 21. Bf4 Bd6 22. Rfe1+ Kf8 23. Bg5 Kg7 24. Qd3 a6 25. Nf3 Qc7 26. Ne5 Qxc3 27. Qe2 Nxd4 28. Qf1 Bxe5 29. Rxe5 Nf3+ 30. gxf3 Qxe5 31. Re1 Qf5 32. Qg2 Rhe8 33. Be3 Kh7 34. Rd1 Rcd8 35. Bg5 Rd7 36. f4 d4 37. Qf3 Qg4+ 38. Qxg4 hxg4 39. Bf6 d3 40. Bc3 Rc8 41. Bd2 Rc2 42. Kg2 Rb2 43. Kg3 f5 44. h5 gxh5 45. Kh4 Kg6 46. b4 Rb3 47. b5 Rxb5 48. Be3 Rb3 49. Rd2 a5 50. Rd1 a4 51. Rd2 a3 52. Ra2 b5 53. Bd2 b4 54. f3 Rb2 55. fxg4 Rxa2 56. gxh5+ Kh7 57. Kg5 Rxd2 58. Kf6 Re2 59. Kxf5 Rf7+ 60. Kg5 Rxf4 61. Kxf4 Rg2 62. Kf3 Rg8 63. Ke3 d2 64. Kd3 Kh6 65. Kc4 b3 66. Kxb3 a2 67. Ka3 a1=Q+ 68. Kb3 Qb1+ 69. Kc4 Qb3+ 70. Kd4 d1=Q+ 71. Ke5 Qe3+ 72. Kf6 Qf1# 0-1


[Site "https://www.chess.com"]

[Event "Titled Tuesday Blitz August 22 Late 2023"]
[White "Quirke, Jeffrey"]
[Black "Ai, Evan"]
[WhiteFideId "2013029"]
[BlackFideId "2094770"]
[WhiteElo "2160"]
[BlackElo "2251"]
[Result "0-1"]
[Round "10"]
[TimeControl "180+1"]
[Date "2023.08.22"]
[WhiteClock "0:00:02"]
[BlackClock "0:00:10"]
[Board "116"]

1. e4 e5 2. Nf3 Nc6 3. d4 exd4 4. Nxd4 Nf6 5. Nxc6 bxc6 6. Nd2 Bc5 7. Bd3 d5 8. exd5 cxd5 9. O-O O-O 10. b3 h6 11. Bb2 c6 12. h3 a5 13. a4 Qd6 14. Qf3 Re8 15. Bxf6 Qxf6 16. Qxf6 gxf6 17. Rfe1 Bd7 18. Kf1 Kg7 19. Rad1 Bb4 20. Rxe8 Rxe8 21. Nf3 f5 22. Nd4 Kf6 23. Ne2 Kg5 24. g3 Bd6 25. h4+ Kf6 26. c3 Rg8 27. f4 Rb8 28. Bc2 Bc8 29. Kf2 Ba6 30. Nd4 Bc5 31. Kf3 Re8 32. Bd3 Bc8 33. Nxc6 Re3+ 34. Kg2 Bb7 35. Nd4 Bc8 36. Kf2 Re7 37. Re1 Rb7 38. Bc2 Bd7 39. Re5 Rc7 40. Rxd5 Be6 41. Rxc5 Rxc5 42. c4 Rc7 43. Ke3 Rc8 44. Nxe6 fxe6 45. Kd4 Rg8 46. c5 Rxg3 47. c6 Rg8 48. Bd3 Ke7 49. Bb5 Kd6 50. Kc4 Rg4 51. b4 Rxf4+ 0-1


[Site "https://www.chess.com"]

[Event "Titled Tuesday Blitz August 22 Late 2023"]
[White "OptimusPrimeBR"]
[Black "Matthew_Clarke"]
[WhiteElo "2041"]
[BlackElo "2247"]
[Result "1-0"]
[Round "10"]
[TimeControl "180+1"]
[Date "2023.08.22"]
[WhiteClock "0:01:54"]
[BlackClock "0:01:27"]
[Board "117"]

1. e4 c5 2. Nf3 d6 3. d4 cxd4 4. Nxd4 Nf6 5. Nc3 a6 6. Bg5 Nbd7 7. f4 Qc7 8. Qf3 h6 9. Bh4 g5 10. fxg5 hxg5 11. Bxg5 Qc5 12. Be3 Ne5 13. Qe2 Neg4 14. Bg1 Bh6 15. h3 Bf4 16. Ne6 Bg3+ 17. Kd1 Qb4 18. Nc7+ Kf8 19. Nxa8 Qxb2 20. Rb1 Qxc3 21. Qd3 Qe5 22. Bd4 Qxe4 23. Qxe4 Nxe4 24. Bxh8 1-0


[Site "https://www.chess.com"]

[Event "Titled Tuesday Blitz August 22 Late 2023"]
[White "miraitrunks"]
[Black "Bazzano, Sebastian"]
[BlackFideId "104566"]
[WhiteElo "1983"]
[BlackElo "2225"]
[Result "0-1"]
[Round "10"]
[TimeControl "180+1"]
[Date "2023.08.22"]
[WhiteClock "0:01:22"]
[BlackClock "0:01:24"]
[Board "118"]

1. e4 c5 2. Nc3 Nc6 3. Nge2 g6 4. d4 cxd4 5. Nxd4 Bg7 6. Be3 d6 7. Bc4 Nf6 8. f3 O-O 9. Qd2 Bd7 10. O-O-O a6 11. Bb3 Rc8 12. Bh6 Ne5 13. Bxg7 Kxg7 14. h4 h5 15. Qg5 Nh7 16. Qf4 Qa5 17. g4 hxg4 18. fxg4 Bxg4 19. Rdg1 Rxc3 20. bxc3 Qxc3 21. Rxg4 Nd3+ 22. Kd1 Nxf4 23. Rxf4 Qxd4+ 0-1


[Site "https://www.chess.com"]

[Event "Titled Tuesday Blitz August 22 Late 2023"]
[White "campochess"]
[Black "Adan Bermudez, Sergio"]
[BlackFideId "2292726"]
[WhiteElo "2190"]
[BlackElo "2001"]
[Result "0-1"]
[Round "10"]
[TimeControl "180+1"]
[Date "2023.08.22"]
[WhiteClock "0:00:09"]
[BlackClock "0:00:21"]
[Board "119"]

1. e4 c5 2. b4 b6 3. bxc5 bxc5 4. c3 Nf6 5. Bd3 Bb7 6. Qe2 Nc6 7. Nf3 Qc7 8. O-O Ng4 9. h3 h5 10. g3 Nge5 11. Bc2 Nxf3+ 12. Qxf3 h4 13. d4 cxd4 14. Bf4 e5 15. Bg5 f6 16. Bd2 hxg3 17. Qxg3 O-O-O 18. a4 Na5 19. Na3 Bxa3 20. Rxa3 Nc4 21. Bc1 Nxa3 22. Bxa3 Qxc3 23. Qxc3+ dxc3 24. f3 Rxh3 25. Kg2 Rdh8 26. Bd3 Rh2+ 27. Kg3 R8h4 28. Bc5 g5 29. Bxa7 Rd2 30. Bb5 d5 31. Rc1 d4 32. a5 Kc7 33. Bb6+ Kd6 34. a6 Bc8 35. Ba5 Rh3# 0-1


[Site "https://www.chess.com"]

[Event "Titled Tuesday Blitz August 22 Late 2023"]
[White "Petersson, Kjell"]
[Black "Mr_November18"]
[WhiteFideId "1705148"]
[WhiteElo "2162"]
[BlackElo "1973"]
[Result "1-0"]
[Round "10"]
[TimeControl "180+1"]
[Date "2023.08.22"]
[WhiteClock "0:01:04"]
[BlackClock "0:00:09"]
[Board "120"]

1. d4 Nf6 2. Bf4 g6 3. Nc3 d5 4. e3 Bg7 5. Nb5 Na6 6. Nc3 O-O 7. Bxa6 b5 8. Bxb5 Rb8 9. b3 Ne4 10. Nxe4 dxe4 11. Bc4 c5 12. c3 Rb6 13. Ne2 Bg4 14. h3 Bxe2 15. Qxe2 cxd4 16. exd4 e5 17. Bxe5 Bxe5 18. dxe5 Qg5 19. Qxe4 Re8 20. O-O Rxe5 21. Qf3 Rf6 22. Qg3 Qf5 23. Bd3 Qe6 24. Bc4 Qe7 25. Rad1 Kg7 26. Rd5 Re1 27. Rd1 Re5 28. a4 h6 29. Qh4 Rg5 30. Qd4 Qb7 31. Bd5 Qd7 32. Rd3 Qe7 33. Rf3 Re5 34. Rxf6 Qxf6 35. b4 h5 36. f4 Re7 37. Qxf6+ Kxf6 38. c4 1-0


[Site "https://www.chess.com"]

[Event "Titled Tuesday Blitz August 22 Late 2023"]
[White "Burke, Paul"]
[Black "Capp, Stephen"]
[WhiteFideId "2605767"]
[BlackFideId "2027089"]
[WhiteElo "1855"]
[BlackElo "2165"]
[Result "1-0"]
[Round "10"]
[TimeControl "180+1"]
[Date "2023.08.22"]
[WhiteClock "0:00:07"]
[BlackClock "0:00:00"]
[Board "121"]

1. e4 e5 2. Nf3 d5 3. Nxe5 Bd6 4. d4 dxe4 5. Nc4 Nf6 6. Ne3 h6 7. Be2 Nc6 8. d5 Ne5 9. c4 O-O 10. Nc3 a6 11. Qc2 Re8 12. Nxe4 Nxe4 13. Qxe4 Bb4+ 14. Kf1 Ng6 15. Qc2 Nf4 16. Bf3 Qf6 17. Bd2 Bd6 18. Bc3 Be5 19. Bxe5 Rxe5 20. Re1 Bd7 21. Qc3 Rae8 22. Rc1 b6 23. b4 Ng6 24. c5 Nh4 25. Be2 bxc5 26. bxc5 Qe7 27. c6 Bc8 28. g3 Rxe3 29. Qxe3 Bh3+ 30. Kg1 Qd8 31. Qd2 Ng6 32. Bf3 Ne5 33. Bg2 Bxg2 34. Kxg2 Qd6 35. Rhe1 Rd8 36. f4 Ng6 37. Qe3 Qb4 38. Qe4 1-0


[Site "https://www.chess.com"]

[Event "Titled Tuesday Blitz August 22 Late 2023"]
[White "Freitag, Manfred"]
[Black "dorpato"]
[WhiteFideId "1602004"]
[WhiteElo "2652"]
[BlackElo "2011"]
[Result "1-0"]
[Round "10"]
[TimeControl "180+1"]
[Date "2023.08.22"]
[WhiteClock "0:01:10"]
[BlackClock "0:00:16"]
[Board "122"]

1. e4 c5 2. Nf3 d6 3. d4 cxd4 4. Nxd4 Nf6 5. Nc3 a6 6. Bg5 e6 7. f4 Be7 8. Qf3 Qc7 9. O-O-O Nbd7 10. g4 h6 11. Bxf6 Bxf6 12. Kb1 O-O 13. h4 e5 14. Nf5 exf4 15. Nd5 Qc5 16. g5 Be5 17. gxh6 g6 18. Nfe7+ Kh7 19. h5 Nb6 20. hxg6+ fxg6 21. Nxg6 Kxg6 22. h7 Nxd5 23. exd5 Qe3 24. Qh5+ Kf6 25. Bd3 Qb6 26. h8=Q+ Rxh8 27. Qxh8+ Kg5 28. Rdg1+ Bg4 29. Qh5+ Kf6 30. Qh6+ Kf7 31. Qg6+ Ke7 32. Rh7+ Bg7 33. Rxg7+ Kd8 34. Qxg4 1-0


[Site "https://www.chess.com"]

[Event "Titled Tuesday Blitz August 22 Late 2023"]
[White "Milchev, Nikolay"]
[Black "Hirneise, Jens"]
[WhiteFideId "2906090"]
[BlackFideId "24614734"]
[WhiteElo "2556"]
[BlackElo "2491"]
[Result "1/2-1/2"]
[Round "10"]
[TimeControl "180+1"]
[Date "2023.08.22"]
[WhiteClock "0:01:39"]
[BlackClock "0:01:37"]
[Board "123"]

1. Nf3 d5 2. c4 c6 3. cxd5 cxd5 4. d4 Nf6 5. Nc3 Nc6 6. Bf4 Bf5 7. e3 e6 8. Qb3 Bb4 9. Ne5 Qa5 10. Nxc6 Bxc3+ 11. bxc3 bxc6 12. Qb4 Qxb4 13. cxb4 Kd7 14. h3 a5 15. b5 cxb5 16. Bxb5+ Ke7 17. Rc1 Rhc8 18. O-O Ne4 19. Bc6 Ra7 20. Rfd1 Nd6 21. Rc5 Ne4 22. Rcc1 Nd6 23. Rc5 Ne4 24. Rcc1 1/2-1/2


[Site "https://www.chess.com"]

[Event "Titled Tuesday Blitz August 22 Late 2023"]
[White "rikchessmx"]
[Black "Carrasco Miranda, Andres"]
[BlackFideId "3405990"]
[WhiteElo "2376"]
[BlackElo "2408"]
[Result "1-0"]
[Round "10"]
[TimeControl "180+1"]
[Date "2023.08.22"]
[WhiteClock "0:01:33"]
[BlackClock "0:00:25"]
[Board "124"]

1. e4 e5 2. Nf3 Nc6 3. Bb5 Nf6 4. O-O Nxe4 5. d4 Nd6 6. dxe5 Nxb5 7. a4 Nbd4 8. Nxd4 d6 9. Nxc6 bxc6 10. Qe2 Be7 11. Nc3 O-O 12. Bf4 Rb8 13. b3 Rb4 14. Bg3 Bf5 15. Rad1 d5 16. Rd2 Bc5 17. Qa6 Rb6 18. Qxa7 Bb4 19. Nb1 Bxd2 20. Nxd2 Bxc2 21. e6 fxe6 22. Bxc7 Qg5 23. f4 Qg4 24. Qxb6 Bd3 25. Rf3 Be4 26. Nxe4 dxe4 27. Rf1 Qe2 28. Qxc6 e3 29. Qxe6+ Kh8 30. Bb6 1-0


[Site "https://www.chess.com"]

[Event "Titled Tuesday Blitz August 22 Late 2023"]
[White "Nakamura, Hikaru"]
[Black "Kramnik, Vladimir"]
[WhiteFideId "2016192"]
[BlackFideId "4101588"]
[WhiteElo "3251"]
[BlackElo "2961"]
[Result "1-0"]
[Round "11"]
[TimeControl "180+1"]
[Date "2023.08.22"]
[WhiteClock "0:00:05"]
[BlackClock "0:00:00"]
[Board "1"]

1. Nf3 d5 2. e3 Nf6 3. b3 e6 4. c4 c5 5. Bb2 Nc6 6. cxd5 exd5 7. Be2 Bd6 8. d4 cxd4 9. Nxd4 Bb4+ 10. Kf1 O-O 11. Nd2 Re8 12. a3 Bxd2 13. Qxd2 Ne4 14. Qe1 Qb6 15. f3 Nd6 16. Qc3 Nxd4 17. Qxd4 Nf5 18. Qxb6 axb6 19. Kf2 Rxe3 20. Bd1 Rd3 21. Ke2 Re3+ 22. Kd2 Re6 23. Be2 Bd7 24. Bd3 Nh4 25. Rhg1 Rae8 26. Bd4 b5 27. Bf2 Nf5 28. Rge1 Rxe1 29. Rxe1 Rxe1 30. Kxe1 h5 31. Kd2 d4 32. Be4 Be6 33. Bd3 g6 34. Kc2 Bd7 35. Be4 Nd6 36. Bd5 Nf5 37. Bxb7 Kf8 38. Be4 Ke7 39. Bd3 Kd6 40. Kd2 Ke5 41. Bc2 h4 42. Bd3 g5 43. g4 hxg3 44. hxg3 Kd5 45. Be4+ Ke5 46. Bd3 Ne7 47. Bf1 Ng6 48. Be2 Kd5 49. Bd3 Ne5 50. Be4+ Kc5 51. f4 gxf4 52. gxf4 Ng4 53. Bh4 Be6 54. Be7+ 1-0


[Site "https://www.chess.com"]

[Event "Titled Tuesday Blitz August 22 Late 2023"]
[White "Xiong, Jeffery"]
[Black "Sarana, Alexey"]
[WhiteFideId "2047640"]
[BlackFideId "24133795"]
[WhiteElo "3027"]
[BlackElo "3091"]
[Result "1/2-1/2"]
[Round "11"]
[TimeControl "180+1"]
[Date "2023.08.22"]
[WhiteClock "0:00:31"]
[BlackClock "0:00:15"]
[Board "2"]

1. d4 Nf6 2. c4 e6 3. Nc3 d5 4. Nf3 Nbd7 5. g3 Be7 6. Bg2 O-O 7. O-O dxc4 8. e4 c5 9. d5 exd5 10. e5 d4 11. exf6 Nxf6 12. Ne2 Bd6 13. Bf4 d3 14. Nc3 Bxf4 15. gxf4 Bg4 16. Qd2 Bxf3 17. Bxf3 Qd7 18. Rfe1 Rae8 19. Re5 Rxe5 20. fxe5 Qf5 21. exf6 Qxf3 22. Qg5 Qxf6 23. Qxf6 gxf6 24. b3 cxb3 25. axb3 a6 26. Ne4 Rc8 27. Rd1 c4 28. bxc4 Rxc4 29. Nxf6+ Kg7 30. Ne8+ Kf8 31. Nd6 Rd4 32. Nxb7 Rd5 33. Kf1 Ke7 34. Ke1 Re5+ 35. Kd2 Rb5 36. Ra1 Rxb7 37. Rxa6 Rb2+ 38. Kxd3 Rb3+ 39. Ke4 Rh3 40. f4 Rxh2 41. Kf5 Kf8 42. Ra1 Rh6 43. Kg5 Rg6+ 44. Kf5 Kg7 45. Rh1 Rg2 46. Rh3 Rg1 47. Rh2 Rg6 48. Rh1 h6 49. Rh2 Rf6+ 50. Ke5 Ra6 51. Kf5 Ra5+ 52. Kg4 Kg6 53. Rg2 Ra3 54. Rb2 h5+ 55. Kh4 Rf3 56. Rb4 f6 57. Ra4 Kf5 58. Ra5+ Kg6 59. Rxh5 Rxf4+ 60. Kg3 Kxh5 61. Kxf4 Kg6 62. Kg4 f5+ 63. Kf4 Kf6 64. Kf3 Kg5 65. Kg3 f4+ 66. Kf3 Kf5 67. Kf2 Kg4 68. Kg2 f3+ 69. Kf2 Kf4 70. Kf1 Ke3 71. Ke1 Ke4 72. Kf2 Kf4 73. Kf1 Kg3 74. Kg1 f2+ 75. Kf1 Kh2 76. Kxf2 1/2-1/2


[Site "https://www.chess.com"]

[Event "Titled Tuesday Blitz August 22 Late 2023"]
[White "So, Wesley"]
[Black "Sadhwani, Raunak"]
[WhiteFideId "5202213"]
[BlackFideId "35093487"]
[WhiteElo "3096"]
[BlackElo "3043"]
[Result "1-0"]
[Round "11"]
[TimeControl "180+1"]
[Date "2023.08.22"]
[WhiteClock "0:00:07"]
[BlackClock "0:00:00"]
[Board "3"]

1. b3 e5 2. Bb2 Nc6 3. e3 Nf6 4. Bb5 Qe7 5. Nf3 e4 6. Nd4 Qe5 7. Be2 Qg5 8. O-O Bc5 9. Nb5 Bb6 10. Bxf6 gxf6 11. c4 d5 12. cxd5 Bh3 13. g3 Bxf1 14. Qxf1 Qxd5 15. N1c3 Qe5 16. Qh3 f5 17. Rd1 O-O-O 18. Na3 Kb8 19. Nc4 Qe6 20. d4 exd3 21. Bxd3 Qf6 22. Ne2 Nb4 23. Nf4 Nxd3 24. Rxd3 Rxd3 25. Nxd3 Qa1+ 26. Kg2 Qxa2 27. Qxf5 Qxb3 28. Nde5 Ka8 29. h4 a5 30. Qf6 Rb8 31. Qxf7 a4 32. Nd7 Rd8 33. Ndxb6+ cxb6 34. Qc7 Rd5 35. Nxb6+ Ka7 36. Nc8+ Ka6 37. Qb8 Ra5 38. Qa7+ Kb5 39. Qb6+ Kc4 40. Qxa5 a3 41. Nb6+ Kd3 42. e4 a2 43. Nd5 Kc4 44. Nb6+ Kd3 45. Nd5 Kc4 46. Ne3+ Kd3 47. e5 Qb2 48. Qd5+ Kc3 49. Qc4+ Kd2 50. Qd5+ Kc3 51. Nd1+ Kc2 52. Nxb2 a1=Q 53. Nc4 1-0


[Site "https://www.chess.com"]